General information
- name: BNet
- type: Ladder team game (AT/RT)
- host: Battle.net
- saver: I-LOVE-WAL-MART
map: TwilightRuins
- players: 8
- length: 11:59
- speed: Fast
- version: 1.26 W3XP
- replay type: Public
» download(92 KB)
Players
team 1 (loser)
JiggaFlo (
orange | 65 APM | 780 actions | 11:57)
4 Mountain King
2 Storm Bolt
2 Bash
1 Paladin
1 Holy Light
1 Demon Hunter
1 Immolation
» actions
| Assign group hotkey | 14 | |
| Basic commands | 45 | |
| Build / train | 59 | |
| ESC pressed | 1 | |
| Enter build submenu | 21 | |
| Enter hero's abilities submenu | 6 | |
| Give item / drop item | 1 | |
| Right click | 352 | |
| Select / deselect | 199 | |
| Select group hotkey | 24 | |
| Use ability | 58 | |
780 total
» units
| Peasant | 13 | |
| Footman | 5 | |
| Rifleman | 8 | |
| Goblin Shredder | 1 | |
27 total
» upgrades
| Masonry | 2 | |
| Swords | 1 | |
| Gunpowder | 1 | |
| Armor | 1 | |
| Plating | 1 | |
| Long Rifles | 1 | |
7 total
» buildings
| Altar of Kings | 1 | |
| Barracks | 3 | |
| Farm | 10 | |
| Scout Tower | 9 | |
| Lumber Mill | 1 | |
| Blacksmith | 1 | |
| Arcane Tower | 1 | |
| Guard Tower | 6 | |
| Town Hall | 1 | |
| Keep | 2 | |
| Castle | 2 | |
| Arcane Vault | 1 | |
38 total
» build order
00:06 Altar of Kings
00:21 Barracks
00:36 Farm
00:51 Farm
01:34 Farm
01:46 Scout Tower
01:54 Farm
02:04 Scout Tower
03:03 Lumber Mill
03:08 Blacksmith
03:33 Arcane Tower
04:27 Guard Tower
04:45 Town Hall
05:26 Scout Tower
05:27 Scout Tower
06:38 Keep
07:52 Barracks
07:54 Farm
07:55 Farm
07:56 Farm
07:57 Farm
07:58 Farm
07:59 Farm
08:02 Barracks
09:01 Castle
09:44 Arcane Vault
09:46 Scout Tower
09:47 Scout Tower
09:49 Scout Tower
09:50 Scout Tower
10:46 Scout Tower
10:52 Guard Tower
11:04 Guard Tower
11:26 Guard Tower
11:31 Guard Tower
» items
| Circlet of Nobility | 3 | |
| Periapt of Vitality | 2 | |
5 total

»
WoogidyBoogidy (
blue | 47 APM | 553 actions | 11:46)
3 Death Knight
2 Death Coil
1 Unholy Aura
1 Lich
1 Frost Nova
» actions
| Assign group hotkey | 13 | |
| Basic commands | 63 | |
| Build / train | 40 | |
| Enter build submenu | 18 | |
| Enter hero's abilities submenu | 4 | |
| Remove unit from queue | 1 | |
| Right click | 199 | |
| Select / deselect | 165 | |
| Select group hotkey | 9 | |
| Use ability | 41 | |
553 total
» units
| Acolyte | 9 | |
| Ghoul | 3 | |
| Crypt Fiend | 6 | |
| Obsidian Statue | 1 | |
19 total
» upgrades
| Web | 1 | |
| Banshee Training | 1 | |
| Flak Cannons | 1 | |
3 total
» buildings
| Graveyard | 1 | |
| Crypt | 1 | |
| Altar of Darkness | 1 | |
| Ziggurat | 4 | |
| Tomb of Relics | 1 | |
| Nerubian Tower | 1 | |
| Halls of the Dead | 3 | |
| Spirit Tower | 1 | |
| Temple of the Damned | 1 | |
| Slaughterhouse | 1 | |
| Black Citadel | 1 | |
| Sacrificial Pit | 1 | |
| Boneyard | 1 | |
18 total
» build order
00:07 Graveyard
00:10 Crypt
00:47 Altar of Darkness
00:57 Ziggurat
01:38 Tomb of Relics
03:17 Nerubian Tower
04:10 Ziggurat
05:33 Halls of the Dead
05:33 Halls of the Dead
05:34 Halls of the Dead
06:26 Spirit Tower
07:57 Temple of the Damned
08:01 Slaughterhouse
08:18 Ziggurat
08:36 Black Citadel
09:12 Ziggurat
09:31 Sacrificial Pit
11:13 Boneyard
» items
| Rod of Necromancy | 3 | |
| Dust of Appearance | 1 | |
4 total

»
will72 (
green | 39 APM | 458 actions | 11:39)
3 Demon Hunter
1 Mana Burn
2 Evasion
2 Priestess of the Moon
1 Trueshot Aura
1 Searing Arrows
» actions
| Assign group hotkey | 8 | |
| Build / train | 50 | |
| Enter build submenu | 14 | |
| Enter hero's abilities submenu | 5 | |
| Give item / drop item | 5 | |
| Right click | 165 | |
| Select / deselect | 173 | |
| Select group hotkey | 12 | |
| Use ability | 26 | |
458 total
» units
| Wisp | 21 | |
| Archer | 7 | |
| Huntress | 1 | |
| Hippogryph | 5 | |
34 total
» upgrades
| Strength of the Moon | 2 | |
| Improved Bows | 1 | |
| Moon Armor | 1 | |
| Hippogryph Taming | 1 | |
| Strength of the Wild | 1 | |
6 total
» buildings
| Altar of Elders | 1 | |
| Moon Well | 6 | |
| Ancient of War | 1 | |
| Hunter's Hall | 1 | |
| Tree of Ages | 1 | |
| Ancient of Wonders | 1 | |
| Ancient Protector | 2 | |
| Ancient of Wind | 1 | |
| Tree of Life | 1 | |
| Tree of Eternity | 1 | |
16 total
» build order
00:12 Altar of Elders
00:14 Moon Well
01:13 Moon Well
01:34 Ancient of War
02:13 Hunter's Hall
03:10 Tree of Ages
03:45 Moon Well
04:40 Ancient of Wonders
04:43 Moon Well
05:19 Ancient Protector
05:22 Ancient Protector
07:05 Ancient of Wind
08:10 Tree of Life
09:17 Tree of Eternity
10:36 Moon Well
11:32 Moon Well
» items

»
morvishi (
red | 53 APM | 609 actions | 11:32)
2 Archmage
1 Summon Water Elemental
1 Brilliance Aura
1 Paladin
1 Holy Light
» actions
| Assign group hotkey | 7 | |
| Basic commands | 3 | |
| Build / train | 53 | |
| ESC pressed | 1 | |
| Enter build submenu | 25 | |
| Enter hero's abilities submenu | 3 | |
| Give item / drop item | 3 | |
| Right click | 183 | |
| Select / deselect | 164 | |
| Select group hotkey | 106 | |
| Use ability | 61 | |
609 total
» units
| Peasant | 17 | |
| Mortar Team | 3 | |
| Siege Engine | 1 | |
21 total
» upgrades
| Lumber Harvesting | 1 | |
| Gunpowder | 1 | |
| Plating | 1 | |
| Masonry | 1 | |
4 total
» buildings
| Altar of Kings | 1 | |
| Farm | 7 | |
| Arcane Vault | 1 | |
| Lumber Mill | 1 | |
| Keep | 2 | |
| Town Hall | 1 | |
| Scout Tower | 6 | |
| Guard Tower | 3 | |
| Arcane Tower | 3 | |
| Blacksmith | 1 | |
| Castle | 3 | |
| Workshop | 3 | |
32 total
» build order
00:06 Altar of Kings
00:12 Farm
00:50 Farm
01:30 Farm
01:54 Arcane Vault
02:13 Farm
02:23 Lumber Mill
03:30 Keep
04:14 Town Hall
04:15 Scout Tower
04:17 Scout Tower
05:21 Guard Tower
05:22 Scout Tower
05:24 Scout Tower
06:04 Arcane Tower
06:05 Arcane Tower
06:23 Guard Tower
06:33 Scout Tower
07:07 Farm
07:15 Scout Tower
07:17 Arcane Tower
07:48 Guard Tower
07:52 Blacksmith
08:23 Castle
08:24 Castle
08:44 Farm
09:05 Workshop
09:28 Workshop
10:15 Workshop
11:20 Farm
» items
| Lesser Clarity Potion | 5 | |
| Scroll of Regeneration | 1 | |
| Potion of Healing | 2 | |
| Potion of Mana | 1 | |
9 total
team 2 (winner)

»
o_O)Fredim(DS) (
teal | 84 APM | 1000 actions | 11:58)
4 Keeper of the Grove
2 Entangling Roots
2 Thorns Aura
1 Priestess of the Moon
1 Trueshot Aura
» actions
| Assign group hotkey | 98 | |
| Basic commands | 75 | |
| Build / train | 48 | |
| Enter build submenu | 16 | |
| Enter hero's abilities submenu | 5 | |
| Right click | 288 | |
| Select / deselect | 185 | |
| Select group hotkey | 243 | |
| Use ability | 42 | |
1000 total
» units
» upgrades
| Abolish Magic | 1 | |
| Strength of the Wild | 2 | |
3 total
» buildings
| Altar of Elders | 1 | |
| Moon Well | 5 | |
| Hunter's Hall | 1 | |
| Ancient of War | 3 | |
| Ancient of Wonders | 1 | |
| Tree of Ages | 1 | |
| Tree of Life | 1 | |
| Ancient of Lore | 3 | |
| Tree of Eternity | 1 | |
17 total
» build order
00:05 Altar of Elders
00:22 Moon Well
01:53 Hunter's Hall
01:57 Ancient of War
02:01 Ancient of War
02:12 Ancient of War
02:17 Moon Well
03:36 Moon Well
05:35 Ancient of Wonders
05:53 Tree of Ages
06:23 Tree of Life
08:15 Ancient of Lore
08:18 Ancient of Lore
08:21 Ancient of Lore
09:31 Moon Well
10:32 Tree of Eternity
11:43 Moon Well
» items
| Lesser Clarity Potion | 2 | |
| Scroll of Speed | 2 | |
| Staff of Preservation | 1 | |
| Scroll of Healing | 1 | |
6 total
GunzOnBothSide (
purple | 117 APM | 1404 actions | 11:58)
5 Blademaster
3 Wind Walk
2 Critical Strike
» actions
| Assign group hotkey | 11 | |
| Build / train | 57 | |
| Enter build submenu | 9 | |
| Enter hero's abilities submenu | 5 | |
| Give item / drop item | 1 | |
| Remove unit from queue | 1 | |
| Right click | 788 | |
| Select / deselect | 132 | |
| Select group hotkey | 358 | |
| Use ability | 42 | |
1404 total
» units
» upgrades
| Armor | 2 | |
| Envenomed Spears | 1 | |
| Ranged Weapons | 2 | |
| Reinforced Defenses | 0 | |
5 total
» buildings
| Altar of Storms | 1 | |
| Orc Burrow | 4 | |
| Voodoo Lounge | 1 | |
| War Mill | 1 | |
| Stronghold | 2 | |
| Fortress | 2 | |
| Beastiary | 2 | |
13 total
» build order
00:08 Altar of Storms
00:18 Orc Burrow
00:37 Voodoo Lounge
01:18 War Mill
02:31 Stronghold
02:54 Orc Burrow
03:54 Orc Burrow
05:02 Fortress
05:07 Beastiary
05:09 Beastiary
08:37 Orc Burrow
» items
| Healing Salve | 6 | |
| Lesser Clarity Potion | 5 | |
| Boots of Speed | 1 | |
| Potion of Healing | 2 | |
| Orb of Lightning | 1 | |
15 total
YankeePower (
yellow | 26 APM | 310 actions | 11:58)
5 Paladin
1 Holy Light
2 Divine Shield
2 Devotion Aura
» actions
| Basic commands | 7 | |
| Build / train | 41 | |
| Enter build submenu | 16 | |
| Enter hero's abilities submenu | 5 | |
| Right click | 111 | |
| Select / deselect | 108 | |
| Use ability | 22 | |
310 total
» units
» upgrades
| Swords | 2 | |
| Plating | 3 | |
| Lumber Harvesting | 2 | |
| Animal War Training | 1 | |
8 total
» buildings
| Altar of Kings | 1 | |
| Barracks | 2 | |
| Farm | 8 | |
| Keep | 1 | |
| Blacksmith | 1 | |
| Lumber Mill | 1 | |
| Castle | 1 | |
15 total
» build order
00:06 Altar of Kings
00:10 Barracks
00:30 Farm
01:09 Farm
01:46 Farm
02:38 Farm
03:10 Keep
03:34 Blacksmith
04:12 Lumber Mill
04:58 Farm
05:48 Castle
05:51 Farm
06:34 Barracks
08:10 Farm
10:04 Farm
I-LOVE-WAL-MART (
pink | 68 APM | 809 actions | 11:59)
4 Blademaster
2 Wind Walk
2 Critical Strike
3 Shadow Hunter
2 Hex
1 Healing Wave
» actions
| Assign group hotkey | 47 | |
| Basic commands | 2 | |
| Build / train | 43 | |
| Enter build submenu | 10 | |
| Enter hero's abilities submenu | 7 | |
| Give item / drop item | 2 | |
| Right click | 307 | |
| Select / deselect | 74 | |
| Select group hotkey | 272 | |
| Use ability | 45 | |
809 total
» units
» upgrades
| Ranged Weapons | 1 | |
| Ensnare | 1 | |
| Envenomed Spears | 1 | |
3 total
» buildings
| Altar of Storms | 1 | |
| Orc Burrow | 4 | |
| Voodoo Lounge | 1 | |
| Stronghold | 2 | |
| War Mill | 1 | |
| Beastiary | 2 | |
| Fortress | 1 | |
| Great Hall | 1 | |
| Watch Tower | 2 | |
15 total
» build order
00:07 Altar of Storms
00:22 Orc Burrow
01:27 Voodoo Lounge
02:05 Stronghold
02:05 Stronghold
02:12 War Mill
02:26 Orc Burrow
02:27 Orc Burrow
03:14 Orc Burrow
05:22 Beastiary
05:23 Beastiary
07:25 Fortress
07:55 Great Hall
09:20 Watch Tower
09:20 Watch Tower
» items
| Healing Salve | 2 | |
| Boots of Speed | 1 | |
| Staff of Teleportation | 1 | |
| Lesser Clarity Potion | 1 | |
| Potion of Lesser Invulnerability | 1 | |
6 total
Chat log
(00:13 / Allies) GunzOnBothSide: woohoo i found a game
(00:14 / All) I-LOVE-WAL-MART: aka kodos_forsaken, u guys lose
(00:20 / Allies) GunzOnBothSide: stfu kodos
(00:23 / All) GunzOnBothSide: hi nerds
(00:31 / Allies) I-LOVE-WAL-MART: u found a game 5 min ago dumbass
(00:33 / All) morvishi: hey babe
(00:39 / Allies) GunzOnBothSide: k ur dead
(00:43 / Allies) I-LOVE-WAL-MART: calm down
(00:56 / Allies) GunzOnBothSide: i go ur nerd strat in solo
(00:58 / Allies) GunzOnBothSide: ez
(00:58 / Allies) I-LOVE-WAL-MART: im just saying, ur implying u cant find games u can
(01:00 / Allies) GunzOnBothSide: to win with that
(02:16 / Allies) YankeePower: i will go knights
(03:15 / Allies) GunzOnBothSide: cool bro
(03:16 / Allies) GunzOnBothSide: lol
(03:32 / Allies) GunzOnBothSide: k out
(03:42 / Allies) o_O)Fredim(DS): again
(03:48 / Allies) GunzOnBothSide: no
(04:00 / Allies) GunzOnBothSide: nerub fucks me
(04:15 / Allies) o_O)Fredim(DS): go jack
(04:27 / Allies) GunzOnBothSide: hes a cunt
(05:15 / Allies) GunzOnBothSide: b
(05:23 / Allies) GunzOnBothSide: fine
(06:02 / Allies) GunzOnBothSide: i continue harass lol
(07:07 / Allies) GunzOnBothSide: nah